% Time on Ice - OKANAGAN RATTLESNAKES
Lines # - Real PCT - Wanted PCT - Time Play
Normal Forward
1 - 31% - 36% - 13:22
2 - 26% - 31% - 10:57
3 - 27% - 23% - 11:30
4 - 16% - 10% - 6:44
Normal Defense
1 - 36% - 36% - 15:19
2 - 33% - 31% - 14:05
3 - 29% - 23% - 12:08
4 - 2% - 10% - 1:01
PP Forward
1 - 57% - 55% - 2:45
2 - 43% - 45% - 2:05
PP Defense
1 - 43% - 55% - 2:05
2 - 57% - 45% - 2:45
PK Forward
1 - 55% - 55% - 5:51
2 - 45% - 45% - 4:47
PK Defense
1 - 52% - 55% - 5:32
2 - 48% - 45% - 5:06
PK3 Forward
1 - 0% - 55%
2 - 0% - 45%
PK3 Defense
1 - 0% - 55%
2 - 0% - 45%
44 Forward
1 - 54% - 55% - 1:41
2 - 46% - 45% - 1:25
44 Defense
1 - 54% - 55% - 1:41
2 - 46% - 45% - 1:25
Last Minute Offensive  - 0:00
Last Minute Defensive  - 0:00
Total
Forward - 61:07
Defense - 61:07
% Time on Ice - CALGARY FIREMEN
Lines # - Real PCT - Wanted PCT - Time Play
Normal Forward
1 - 27% - 33% - 11:38
2 - 25% - 32% - 10:45
3 - 29% - 25% - 12:31
4 - 18% - 10% - 7:39
Normal Defense
1 - 30% - 33% - 12:55
2 - 32% - 32% - 13:28
3 - 35% - 25% - 14:49
4 - 3% - 10% - 1:21
PP Forward
1 - 50% - 55% - 5:19
2 - 50% - 45% - 5:19
PP Defense
1 - 58% - 55% - 6:08
2 - 42% - 45% - 4:30
PK Forward
1 - 67% - 55% - 3:14
2 - 33% - 45% - 1:36
PK Defense
1 - 56% - 55% - 2:43
2 - 44% - 45% - 2:07
PK3 Forward
1 - 88% - 55% - 0:59
2 - 12% - 45% - 0:08
PK3 Defense
1 - 100% - 55% - 1:07
2 - 0% - 45% - 0:00
44 Forward
1 - 62% - 55% - 1:14
2 - 38% - 45% - 0:45
44 Defense
1 - 60% - 55% - 1:11
2 - 40% - 45% - 0:48
Last Minute Offensive  - 0:00
Last Minute Defensive  - 0:00
Total
Forward - 61:07
Defense - 61:07
Play-by-Play 1st period 0:01 of 1st period - Jujhar Khaira wins face-off versus Filip Forsberg in neutral zone. 0:08 of 1st period - Icing by Jake McCabe. 0:09 of 1st period - Lars Eller wins face-off versus Filip Forsberg in CALGARY FIREMEN zone. 0:09 of 1st period - Blake Coleman is hit by Jake McCabe. 0:21 of 1st period - Blake Coleman is hit by Joel Edmundson. 0:35 of 1st period - Shot by Jakob Silfverberg. 0:35 of 1st period - Shot Blocked by Mike Hoffman. 0:40 of 1st period - Icing by Blake Coleman. 0:41 of 1st period - Mike Hoffman wins face-off versus Ryan Johansen in OKANAGAN RATTLESNAKES zone. 1:13 of 1st period - Off-side. 1:14 of 1st period - Yakov Trenin wins face-off versus Jujhar Khaira in neutral zone. 1:21 of 1st period - Shot by Sonny Milano. 1:21 of 1st period - Stopped by James Reimer without a rebound. 1:22 of 1st period - Yakov Trenin wins face-off versus Jujhar Khaira in OKANAGAN RATTLESNAKES zone. 1:33 of 1st period - Shot by Yakov Trenin. 1:33 of 1st period - Stopped by James Reimer without a rebound. 1:34 of 1st period - Casey Cizikas wins face-off versus Brett Howden in OKANAGAN RATTLESNAKES zone. 1:43 of 1st period - Shot by Brett Howden. 1:43 of 1st period - Shot Blocked by Arber Xhekaj. 2:04 of 1st period - Shot by Casey Cizikas. 2:04 of 1st period - Shot Misses the Net. 2:06 of 1st period - Shot by Casey Cizikas. 2:06 of 1st period - Shot Misses the Net. 2:08 of 1st period - Shot by Casey Cizikas. 2:08 of 1st period - Stopped by Samuel Ersson without a rebound. 2:09 of 1st period - Jujhar Khaira wins face-off versus Yakov Trenin in CALGARY FIREMEN zone. 2:10 of 1st period - Shot by Anders Lee. 2:10 of 1st period - Deflect By T.J. Oshie. 2:10 of 1st period - Stopped by Samuel Ersson with a rebound. 2:16 of 1st period - Shot by Anders Lee. 2:16 of 1st period - Stopped by Samuel Ersson without a rebound. 2:17 of 1st period - Oskar Sundqvist wins face-off versus Ryan Johansen in CALGARY FIREMEN zone. 2:50 of 1st period - Shot by Ryan Johansen. 2:50 of 1st period - Shot Misses the Net. 4:07 of 1st period - Minor Penalty to T.J. Oshie for High sticking. 4:08 of 1st period - Ryan Johansen wins face-off versus Casey Cizikas in OKANAGAN RATTLESNAKES zone. 4:20 of 1st period - Shot by Ryan Johansen. 4:20 of 1st period - Stopped by James Reimer without a rebound. 4:21 of 1st period - Ryan Johansen wins face-off versus Casey Cizikas in OKANAGAN RATTLESNAKES zone. 4:46 of 1st period - Shot by Ryan Johansen. 4:46 of 1st period - Shot Misses the Net. 4:48 of 1st period - Shot by Mason Marchment. 4:48 of 1st period - Stopped by James Reimer with a rebound. 4:50 of 1st period - Shot by Ryan Johansen. 4:50 of 1st period - Goal by Ryan Johansen - OKANAGAN RATTLESNAKES : 0 - CALGARY FIREMEN : 1. 4:51 of 1st period - Lars Eller wins face-off versus Yakov Trenin in neutral zone. 5:09 of 1st period - Minor Penalty to Colton White for Hooking. 5:10 of 1st period - Oskar Sundqvist wins face-off versus Filip Forsberg in CALGARY FIREMEN zone. 6:13 of 1st period - Jakob Silfverberg is hit by Casey Cizikas and loses puck. 6:29 of 1st period - Shot by Arber Xhekaj. 6:29 of 1st period - Shot Misses the Net. 6:31 of 1st period - Shot by Lars Eller. 6:31 of 1st period - Stopped by Samuel Ersson with a rebound. 6:42 of 1st period - Icing by Lars Eller. 6:43 of 1st period - Lars Eller wins face-off versus Filip Forsberg in OKANAGAN RATTLESNAKES zone. 7:06 of 1st period - Shot by Lars Eller. 7:06 of 1st period - Stopped by Samuel Ersson with a rebound. 9:42 of 1st period - Shot by Mason Marchment. 9:42 of 1st period - Shot Misses the Net. 9:44 of 1st period - Shot by Oskar Lindblom. 9:44 of 1st period - Shot Misses the Net. 9:46 of 1st period - Shot by Nikita Zadorov. 9:46 of 1st period - Stopped by James Reimer without a rebound. 9:47 of 1st period - Filip Forsberg wins face-off versus Oskar Sundqvist in OKANAGAN RATTLESNAKES zone. 9:50 of 1st period - Shot by Mattias Janmark-Nylen. 9:50 of 1st period - Shot Misses the Net. 9:52 of 1st period - Shot by Colton White. 9:52 of 1st period - Shot Blocked by Arber Xhekaj. 10:02 of 1st period - Shot by Filip Forsberg. 10:02 of 1st period - Stopped by James Reimer without a rebound. 10:03 of 1st period - T.J. Oshie wins face-off versus Liam Foudy in OKANAGAN RATTLESNAKES zone. 11:06 of 1st period - Stefan Noesen is hit by Jacob Bryson and loses puck. 11:44 of 1st period - Mike Hoffman is hit by Colton White and loses puck. 11:52 of 1st period - Icing by Sonny Milano. 11:53 of 1st period - Pierre-Edouard Bellemare wins face-off versus Sonny Milano in CALGARY FIREMEN zone. 11:53 of 1st period - Nazem Kadri is hit by Colton White and loses puck. 12:00 of 1st period - Shot by Nazem Kadri. 12:00 of 1st period - Stopped by Samuel Ersson without a rebound. 12:01 of 1st period - Anders Lee wins face-off versus Filip Forsberg in CALGARY FIREMEN zone. 12:01 of 1st period - T.J. Oshie is hit by Nikita Zadorov and loses puck. 12:10 of 1st period - Shot by Anders Lee. 12:10 of 1st period - Shot Misses the Net. 12:23 of 1st period - Off-side. 12:24 of 1st period - Lars Eller wins face-off versus Ryan Johansen in neutral zone. 12:43 of 1st period - Mike Hoffman is hit by Jake McCabe and loses puck. 12:50 of 1st period - Shot by Mike Hoffman. 12:50 of 1st period - Shot Blocked by Jake McCabe. 12:52 of 1st period - Shot by Lars Eller. 12:52 of 1st period - Stopped by Samuel Ersson with a rebound. 12:54 of 1st period - Shot by Blake Coleman. 12:54 of 1st period - Shot Misses the Net. 12:56 of 1st period - Shot by Adam Clendening. 12:56 of 1st period - Stopped by Samuel Ersson without a rebound. 12:57 of 1st period - Jujhar Khaira wins face-off versus Filip Forsberg in CALGARY FIREMEN zone. 13:04 of 1st period - Shot by Anders Lee. 13:04 of 1st period - Shot Misses the Net. 13:06 of 1st period - Shot by Jujhar Khaira. 13:06 of 1st period - Goal by Jujhar Khaira - OKANAGAN RATTLESNAKES : 1 - CALGARY FIREMEN : 1. 13:07 of 1st period - Casey Cizikas wins face-off versus Filip Forsberg in neutral zone. 13:48 of 1st period - Shot by Colton Parayko. 13:48 of 1st period - Stopped by Samuel Ersson without a rebound. 13:49 of 1st period - Ryan Johansen wins face-off versus Lars Eller in CALGARY FIREMEN zone. 15:01 of 1st period - Shot by Anders Lee. 15:01 of 1st period - Shot Misses the Net. 15:09 of 1st period - Shot by Jujhar Khaira. 15:09 of 1st period - Shot Blocked by Jordan Oesterle. 15:14 of 1st period - Anders Lee is hit by Nikita Zadorov and loses puck. 15:31 of 1st period - Shot by Stefan Noesen. 15:31 of 1st period - Shot Misses the Net. 15:42 of 1st period - Casey Cizikas is hit by Jordan Oesterle and loses puck. 15:49 of 1st period - Shot by Casey Cizikas. 15:49 of 1st period - Shot Misses the Net. 16:01 of 1st period - Shot by Casey Cizikas. 16:01 of 1st period - Stopped by Samuel Ersson without a rebound. 16:02 of 1st period - Filip Forsberg wins face-off versus Oskar Sundqvist in CALGARY FIREMEN zone. 16:02 of 1st period - Filip Forsberg is hit by Oskar Sundqvist. 16:07 of 1st period - Minor Penalty to Nazem Kadri for High sticking. 16:08 of 1st period - Casey Cizikas wins face-off versus Filip Forsberg in OKANAGAN RATTLESNAKES zone. 16:30 of 1st period - Shot by Anders Lee. 16:30 of 1st period - Shot Misses the Net. 16:51 of 1st period - Shot by Joel Edmundson. 16:51 of 1st period - Shot Misses the Net. 17:05 of 1st period - Shot by Mason Marchment. 17:05 of 1st period - Stopped by James Reimer without a rebound. 17:06 of 1st period - Ryan Johansen wins face-off versus Casey Cizikas in OKANAGAN RATTLESNAKES zone. 17:21 of 1st period - Shot by Mason Marchment. 17:21 of 1st period - Shot Misses the Net. 17:23 of 1st period - Shot by Jake McCabe. 17:23 of 1st period - Shot Misses the Net. 17:25 of 1st period - Shot by Joel Edmundson. 17:25 of 1st period - Stopped by James Reimer without a rebound. 17:26 of 1st period - Anders Lee wins face-off versus Mattias Janmark-Nylen in OKANAGAN RATTLESNAKES zone. 17:55 of 1st period - Shot by Filip Forsberg. 17:55 of 1st period - Stopped by James Reimer without a rebound. 17:56 of 1st period - Anders Lee wins face-off versus Ryan Johansen in OKANAGAN RATTLESNAKES zone. 18:17 of 1st period - Shot by Yakov Trenin. 18:17 of 1st period - Shot Misses the Net. 18:19 of 1st period - Shot by Liam Foudy. 18:19 of 1st period - Deflect By Sonny Milano. 18:19 of 1st period - Shot Misses the Net. 18:33 of 1st period - Shot by Sonny Milano. 18:33 of 1st period - Shot Misses the Net. 18:37 of 1st period - Shot by Sonny Milano. 18:37 of 1st period - Stopped by James Reimer with a rebound. 19:14 of 1st period - Shot by Ryan Johansen. 19:14 of 1st period - Shot Misses the Net. Goals for this period are 1 for OKANAGAN RATTLESNAKES vs 1 for CALGARY FIREMEN. Shots for this period are 11 for OKANAGAN RATTLESNAKES vs 11 for CALGARY FIREMEN. 2nd period 0:01 of 2nd period - Jujhar Khaira wins face-off versus Filip Forsberg in neutral zone. 0:15 of 2nd period - Minor Penalty to Nikita Zadorov for Roughing. 0:15 of 2nd period - Minor Penalty to Jujhar Khaira for Tripping. 0:16 of 2nd period - T.J. Oshie wins face-off versus Filip Forsberg in CALGARY FIREMEN zone. 0:16 of 2nd period - T.J. Oshie is hit by Joel Edmundson. 1:03 of 2nd period - Icing by Jake McCabe. 1:04 of 2nd period - Filip Forsberg wins face-off versus Anders Lee in CALGARY FIREMEN zone. 2:03 of 2nd period - Icing by Esa Lindell. 2:04 of 2nd period - Anders Lee wins face-off versus Filip Forsberg in OKANAGAN RATTLESNAKES zone. 2:21 of 2nd period - Shot by Yakov Trenin. 2:21 of 2nd period - Shot Misses the Net. 2:23 of 2nd period - Shot by Sonny Milano. 2:23 of 2nd period - Shot Misses the Net. 2:25 of 2nd period - Shot by Sonny Milano. 2:25 of 2nd period - Stopped by James Reimer without a rebound. 2:26 of 2nd period - Brett Howden wins face-off versus Pierre-Edouard Bellemare in OKANAGAN RATTLESNAKES zone. 2:57 of 2nd period - Shot by Nazem Kadri. 2:57 of 2nd period - Goal by Nazem Kadri - OKANAGAN RATTLESNAKES : 2 - CALGARY FIREMEN : 1. 2:58 of 2nd period - Stefan Noesen wins face-off versus Filip Forsberg in neutral zone. 2:58 of 2nd period - Stefan Noesen is hit by Filip Forsberg. 3:40 of 2nd period - Filip Forsberg is hit by Colton Parayko and loses puck. 4:08 of 2nd period - Shot by Ryan Johansen. 4:08 of 2nd period - Stopped by James Reimer without a rebound. 4:09 of 2nd period - Yakov Trenin wins face-off versus Jujhar Khaira in OKANAGAN RATTLESNAKES zone. 4:24 of 2nd period - Shot by Yakov Trenin. 4:24 of 2nd period - Shot Misses the Net. 4:55 of 2nd period - Jujhar Khaira is hit by Yakov Trenin and loses puck. 5:22 of 2nd period - Shot by Mason Marchment. 5:22 of 2nd period - Shot Misses the Net. 5:35 of 2nd period - Lars Eller is hit by Nikita Zadorov and loses puck. 6:36 of 2nd period - Shot by Filip Forsberg. 6:36 of 2nd period - Stopped by James Reimer with a rebound. 6:38 of 2nd period - Shot by Jake McCabe. 6:38 of 2nd period - Stopped by James Reimer without a rebound. 6:39 of 2nd period - Brett Howden wins face-off versus Casey Cizikas in OKANAGAN RATTLESNAKES zone. 6:57 of 2nd period - Icing by Casey Cizikas. 6:58 of 2nd period - Yakov Trenin wins face-off versus Casey Cizikas in OKANAGAN RATTLESNAKES zone. 7:12 of 2nd period - Shot by Liam Foudy. 7:12 of 2nd period - Stopped by James Reimer with a rebound. 7:14 of 2nd period - Shot by Yakov Trenin. 7:14 of 2nd period - Shot Misses the Net. 7:16 of 2nd period - Shot by Yakov Trenin. 7:16 of 2nd period - Shot Misses the Net. 7:18 of 2nd period - Shot by Yakov Trenin. 7:18 of 2nd period - Shot Misses the Net. 7:20 of 2nd period - Shot by Yakov Trenin. 7:20 of 2nd period - Shot Misses the Net. 7:31 of 2nd period - Off-side. 7:32 of 2nd period - Jujhar Khaira wins face-off versus Filip Forsberg in neutral zone. 7:36 of 2nd period - Minor Penalty to Nikita Zadorov for Hooking. 7:37 of 2nd period - Lars Eller wins face-off versus Filip Forsberg in CALGARY FIREMEN zone. 7:50 of 2nd period - Shot by Mike Hoffman. 7:50 of 2nd peri